 Dungeon Crawl Stone Soup version 0.28.0-53-g5a82cb258f (webtiles) character file.

Game seed: 6906870117108352499

747 safid the Cleaver (level 7, -5/59 HPs)
             Began as a Hill Orc Fighter on Aug 18, 2022.
             Slain by a two-headed ogre
             ... wielding a +0 giant club
              (14 damage)
             ... on level 5 of the Dungeon.
             The game lasted 00:04:25 (4014 turns).

safid the Cleaver (Hill Orc Fighter)                Turns: 4014, Time: 00:04:25

Health: -5/59      AC: 14    Str: 21    XL:     7   Next: 77%
Magic:  7/7        EV:  5    Int:  8    God:
Gold:   137        SH:  4    Dex: 10    Spells: 6/6 levels left

rFire   . . .      SeeInvis .   a - +0 war axe
rCold   . . .      Faith    .   c - +0 buckler
rNeg    . . .      Spirit   .   e - +0 plate armour
rPois   .          Reflect  .   (no helmet)
rElec   .          Harm     .   g - +0 cloak
rCorr   .          Rampage  .   (no gloves)
Will    .....                   w - +0 pair of boots
Stlth   ..........              (no amulet)
HPRegen 0.19/turn               (no ring)
MPRegen 0.10/turn               (no ring)

@: no status effects
A: no striking features
a: no special abilities


You were on level 5 of the Dungeon.
You visited 1 branch of the dungeon, and saw 5 of its levels.

You collected 189 gold pieces.
You spent 52 gold pieces at shops.

Inventory:

Hand Weapons
 a - a +0 war axe (weapon)
Armour
 c - a +0 buckler (worn)
 e - a +0 plate armour (worn)
 g - a +0 cloak (worn)
 w - a +0 pair of boots (worn)
Jewellery
 t - a ring of fire
 u - a ring of wizardry
Wands
 q - a wand of digging (4)
 v - a wand of flame (21)
Scrolls
 b - a scroll of amnesia {unknown}
 f - 2 scrolls of enchant armour {unknown}
 k - a scroll of fog {unknown}
 m - 2 scrolls of brand weapon {unknown}
 n - a scroll of vulnerability {unknown}
 o - 2 scrolls of identify {unknown}
 r - a scroll of acquirement {unknown}
Potions
 d - a potion of brilliance {unknown}
 h - 2 potions of degeneration
 i - a potion of lignification
 j - a potion of attraction {unknown}
 l - 2 potions of curing {unknown}
 p - a potion of berserk rage {unknown}
 s - 2 potions of flight {unknown}
 x - a potion of mutation {unknown}


   Skills:
 - Level 4.0 Fighting
 + Level 10.4 Axes
 - Level 4.0 Armour
 - Level 4.0 Shields


You had 6 spell levels left.
You didn't know any spells.
Your spell library contained the following spells:

 Spells                   Type           Power      Damage    Failure   Level
 Blink                    Tloc           0%         N/A       100%        2
 Manifold Assault         Tloc           0%         N/A       100%        5
 Storm Form               Tmut/Air       0%         N/A       100%        7


Dungeon Overview and Level Annotations

Branches:
Dungeon (5/15)
 Temple: D:4-7

Altars:
Ashenzari
Qazlal
Wu Jian

Shops:
D:1 !


Message History

You closely miss the adder. The adder bites you but does no damage.
The adder barely misses you.
You barely miss the adder. The adder bites you but does no damage.
You barely miss the adder. The adder bites you but does no damage.
You slash the adder!
You kill the adder!
No target in view!
No target in view!
No target in view!
No target in view!
No target in view!
No target in view!
Found a stone staircase leading up.
Found 13 bolts.
You open the door.
There is an open door here.
Found a stone staircase leading down.
As you open the door, it creaks loudly!
You hear two shouts!
There is an open door here.
A two-headed ogre comes into view. It is wielding two +0 giant clubs.
A two-headed ogre is nearby!
You completely miss the two-headed ogre.
The two-headed ogre hits you with a +0 giant club!
The two-headed ogre hits you with a +0 giant club.
You slash the two-headed ogre!
The two-headed ogre is moderately wounded.
The two-headed ogre hits you with a +0 giant club!
The two-headed ogre hits you with a +0 giant club.
You slice the two-headed ogre!!
The two-headed ogre is severely wounded.
The two-headed ogre hits you with a +0 giant club.
You block the two-headed ogre's attack.
You hit the two-headed ogre but do no damage.
The two-headed ogre is severely wounded.
You slash the two-headed ogre!
The two-headed ogre is almost dead.
The two-headed ogre hits you with a +0 giant club!!
* * * LOW HITPOINT WARNING * * *
The two-headed ogre hits you with a +0 giant club!
You die...

#..... #.... #.?..
#... #.... ...
#....##.#
#.....#O##
+.....#@.#
#.....#..+
#.....#..#
#.....##'#######
#...............
..####+#.........>
...<...'..........
.......#..........
..#..###......(...


You could see a two-headed ogre.

Vanquished Creatures
  2 necrophages
  An ogre (D:3)
  A centaur (D:4)
  Blork the orc (D:4)
  A scorpion (D:4)
  A centaur skeleton (D:3)
  A hound (D:4)
  2 orc wizards (D:5)
  2 hound skeletons (D:5)
  5 gnolls
  5 adders
  3 worms (D:4)
  2 dart slugs
  An orc (D:5)
  7 ball pythons
  5 endoplasms
  5 goblins
  6 hobgoblins
  3 quokkas (D:2)
  7 bats
  3 frilled lizards
  6 kobolds
  6 rats
76 creatures vanquished.

Notes
Turn   | Place    | Note
-------+----------+-------------------------------------------
     0 | D:1      | safid the Hill Orc Fighter began the quest for the Orb.
     0 | D:1      | Reached XP level 1. HP: 19/19 MP: 1/1
   371 | D:1      | Reached skill level 3 in Axes
   371 | D:1      | Reached XP level 2. HP: 27/27 MP: 2/2
   630 | D:1      | Found Pimaulyth's Distillery.
   638 | D:1      | Bought a potion of degeneration for 13 gold pieces
   638 | D:1      | Bought a potion of lignification for 39 gold pieces
   668 | D:1      | Found a faded altar of an unknown god.
   714 | D:1      | Reached XP level 3. HP: 28/33 MP: 3/3
  1754 | D:3      | Found a broken altar of Ashenzari.
  1800 | D:3      | Reached skill level 4 in Axes
  1800 | D:3      | Reached XP level 4. HP: 39/40 MP: 4/4
  1824 | D:3      | Noticed an ogre
  1831 | D:3      | Killed an ogre
  1832 | D:3      | Reached skill level 6 in Axes
  1832 | D:3      | Reached XP level 5. HP: 46/46 MP: 5/5
  2190 | D:4      | Found a stormy altar of Qazlal.
  2272 | D:4      | Noticed a centaur
  2273 | D:4      | Noticed Blork the orc
  2283 | D:4      | Killed a centaur
  2284 | D:4      | Reached skill level 7 in Axes
  2284 | D:4      | Reached XP level 6. HP: 33/52 MP: 6/6
  2291 | D:4      | Killed Blork the orc
  2292 | D:4      | Reached skill level 8 in Axes
  2701 | D:4      | Reached XP level 7. HP: 49/59 MP: 7/7
  2758 | D:4      | Reached skill level 9 in Axes
  3365 | D:4      | Found an ornate altar of the Wu Jian Council.
  3583 | D:5      | Entered Level 5 of the Dungeon
  3616 | D:5      | Reached skill level 10 in Axes
  4008 | D:5      | Noticed a two-headed ogre
  4014 | D:5      | Slain by a two-headed ogre

Illustrated notes

Levels and vault maps discovered:
D:1:      psy_arrival_dodecagon, layout_loops_corners, serial_shops,
          nicolae_shop_waterfront, hellmonk_ecumenical_altar_blasted,
          minmay_pentomino_t2
D:2:      layout_loops_ring, grunt_ministairs_15, minmay_misc_feat_four_crosses,
          kennysheep_generic_room_8
D:3:      layout_rooms, cheibrodos_ashenzari_chains, small_statue_alley_b,
          nicolae_concentric_dashed_squares_mild
D:4:      layout_rooms, mainiacjoe_overflow_concentric_impassable,
          general_overflow_altar, minmay_splitting_lines, minivault_1,
          chequers_serial_rivers_marsh, minmay_misc_feat_more_columns,
          uniq_blork_the_orc
D:5:      layout_gridville, overflow_temple_1_default,
          grunt_temple_overflow_open, gammafunk_ghost_mausoleum

Skill      XL: |  1  2  3  4  5  6  7 |
---------------+----------------------+-----
Axes           | 3 4 6 7 8 10 | 10.4
Fighting       | 4 |  4.0
Armour         | 4 |  4.0
Shields        | 4 |  4.0

Action                   |  1- 3 |  4- 6 |  7- 9 || total
-------------------------+-------+-------+-------++-------
Melee: War axe           |    94 |    62 |    81 ||   237
  Use: Potion            |       |     1 |       ||     1
Armor: Plate armour      |    70 |    59 |    74 ||   203
Dodge: Dodged            |    34 |    19 |    21 ||    74
Block: Buckler           |    19 |    18 |    16 ||    53
